 Dungeon Crawl Stone Soup version 0.29.1-1-gd02db6906a (webtiles) character file.

Game seed: 12888579384027124824

144 lonewolfV2 the Stinger (level 5, -4/35 HPs)
             Began as a Demonspawn Venom Mage on Oct 20, 2022.
             Slain by Pikel
             ... wielding a +2 whip of freezing
              (8 damage)
             ... on level 4 of the Dungeon.
             The game lasted 00:07:27 (4612 turns).

lonewolfV2 the Stinger (Demonspawn Venom Mage)      Turns: 4612, Time: 00:07:27

Health: -4/35      AC:  3    Str:  9    XL:     5   Next: 5%
Magic:  0/9        EV: 12    Int: 18    God:
Gold:   146        SH:  0    Dex: 13    Spells: 2/9 levels left

rFire   . . .      SeeInvis .   (no weapon)
rCold   . . .      Faith    .   (no shield)
rNeg    . . .      Spirit   .   a - +1 robe
rPois   .          Reflect  .   (no helmet)
rElec   .          Harm     .   (no cloak)
rCorr   .          Rampage  .   (no gloves)
Will    .....                   (no boots)
Stlth   ++........              (no amulet)
HPRegen 0.11/turn               (no ring)
MPRegen 0.11/turn               (no ring)

@: very slightly contaminated
A: spiny 2, weakness stinger 1
a: no special abilities


You were on level 4 of the Dungeon.
You visited 1 branch of the dungeon, and saw 4 of its levels.

You collected 146 gold pieces.

Inventory:

Armour
 a - a +1 robe (worn)
Jewellery
 i - a +6 ring of strength
Scrolls
 c - a scroll of teleportation
 h - a scroll of identify
Potions
 b - a potion of magic
 d - a potion of curing {unknown}
 e - a potion of invisibility
 f - a potion of berserk rage
 g - a potion of flight {unknown}
 j - a potion of ambrosia


   Skills:
 + Level 2.4 Dodging
 + Level 2.7 Stealth
 + Level 2.7 Spellcasting
 + Level 1.9 Transmutations
 * Level 4.0 Poison Magic


You had 2 spell levels left.
You knew the following spells:

 Your Spells              Type           Power      Damage    Failure   Level
a - Sting                 Tmut/Pois      52%        1d5       4%          1
b - Poisonous Vapours     Pois/Air       18%        N/A       11%         2
c - Olgreb's Toxic Radia  Pois           16%        N/A       32%         4

Your spell library contained the following spells:

 Spells                   Type           Power      Damage    Failure   Level
 Mephitic Cloud           Conj/Pois/Air  7%         N/A       28%         3


Dungeon Overview and Level Annotations

Branches:
Dungeon (4/15)
 Temple: D:4-7

Altars:

Annotations:
D:4 Pikel


Innate Abilities, Weirdness & Mutations

You are mostly covered in sharp spines.
You have a small tail.


Message History

Pikel is moderately wounded.
Pikel closely misses you.
Casting: Sting (safe; 4% risk of failure)
Confirm with . or Enter, or press ? or * to list all spells.
Aiming: Sting (safe; 4% risk of failure)
Press: ? - help, Shift-Dir - straight line, f/p - Pikel
Aim: Pikel, wielding a +2 whip of freezing and wearing a +0 robe (moderately wounded, strong, very poisoned, 64% to hit)
The sting hits Pikel but does no damage.
Pikel looks as sick as possible!
Pikel is moderately wounded.
Pikel closely misses you.
Casting: Sting (safe; 4% risk of failure)
Confirm with . or Enter, or press ? or * to list all spells.
Aiming: Sting (safe; 4% risk of failure)
Press: ? - help, Shift-Dir - straight line, f/p - Pikel
Aim: Pikel, wielding a +2 whip of freezing and wearing a +0 robe (heavily wounded, strong, extremely poisoned, 64% to hit)
The sting misses Pikel.
The sting hits the lemure but does no damage.
The lemure is poisoned.
The lemure is moderately wounded.
The lemure looks more healthy.
Pikel is struck by your spines. Pikel barely misses you.
Pikel attacks as you move away! Pikel barely misses you.
You closely miss Pikel. You tail-slap Pikel, but do no damage.
Pikel is severely wounded.
Pikel is struck by your spines.
Pikel hits you with a +2 whip of freezing!
Pikel freezes you.
You closely miss Pikel.
Pikel is severely wounded.
The lemure looks more healthy.
Pikel barely misses you.
You hit Pikel but do no damage.
Pikel is severely wounded.
Pikel is struck by your spines.
Pikel hits you with a +2 whip of freezing!
* * * LOW HITPOINT WARNING * * *
Pikel freezes you.
* * * LOW HITPOINT WARNING * * *
Pikel hits you with a +2 whip of freezing!
You die...

#.# .. #.# .
#.# #5# #5#
#5# #5# #K##
#.@# ####.####
.
#.......##....
#....<.....#
#.......####
#.......#
#.......#
#.......#
#.......#


You could see Pikel (strong, very poisoned) and 4 lemures.

Vanquished Creatures
  An iguana (D:3)
  An orc wizard (D:3)
  An adder (D:3)
  A worm (D:2)
  6 dart slugs
  2 orcs (D:3)
  5 ball pythons
  4 bats
  11 endoplasms
  6 giant cockroaches
  4 hobgoblins (D:1)
  7 kobolds
  5 quokkas
  4 frilled lizards
  4 goblins (D:1)
  3 rats
  A spectral goblin (D:1)
66 creatures vanquished.

Notes
Turn   | Place    | Note
-------+----------+-------------------------------------------
     0 | D:1      | lonewolfV2 the Demonspawn Venom Mage began the quest for
                  | the Orb.
     0 | D:1      | Reached XP level 1. HP: 13/13 MP: 3/3
    66 | D:1      | Reached skill level 1 in Transmutations
   512 | D:1      | Gained mutation: You have a small tail. [demonic ancestry]
   512 | D:1      | Reached XP level 2. HP: 12/19 MP: 1/5
   801 | D:1      | Found a faded altar of an unknown god.
  1409 | D:1      | Learned a level 2 spell: Poisonous Vapours
  1548 | D:1      | Gained mutation: You are partially covered in sharp spines.
                  | [demonic ancestry]
  1548 | D:1      | Reached XP level 3. HP: 22/24 MP: 0/6
  3379 | D:3      | Reached XP level 4. HP: 30/30 MP: 2/7
  4067 | D:3      | Learned a level 4 spell: Olgreb's Toxic Radiance
  4175 | D:3      | Reached skill level 4 in Poison Magic
  4175 | D:3      | Gained mutation: You are mostly covered in sharp spines.
                  | [demonic ancestry]
  4175 | D:3      | Reached XP level 5. HP: 25/35 MP: 0/9
  4586 | D:4      | Noticed Pikel
  4586 | D:4      | Noticed a lemure
  4586 | D:4      | Noticed a lemure
  4586 | D:4      | Noticed a lemure
  4587 | D:4      | Noticed a lemure
  4612 | D:4      | Slain by Pikel

Illustrated notes

Levels and vault maps discovered:
D:1:      dpeg_arrival_refuge, layout_basic,
          dreamdust_ecumenical_altar_drowned_temple,
          nicolae_concentric_dashed_squares_mild, amcnicky_mini_corridor_feature
D:2:      layout_loops_cross, kennysheep_potato
D:3:      layout_basic
D:4:      layout_rooms, mainiacjoe_overflow_catwalk_spiral, uniq_pikel

Skill      XL: |  1  2  3  4 |
---------------+-------------+-----
Transmutations | 1 |  1.9
Stealth        | 2 |  2.7
Dodging        | 2 |  2.4
Poison Magic   | 4 |  4.0
Spellcasting   | |  2.7

Action                   |  1- 3 |  4- 6 || total
-------------------------+-------+-------++-------
Melee: Unarmed           |    39 |     9 ||    48
       Tailslap          |     5 |     2 ||     7
       Punch             |     1 |       ||     1
 Cast: Sting             |    88 |    33 ||   121
       Poisonous Vapours |    14 |     2 ||    16
       Olgreb's Toxic Ra |       |     3 ||     3
  Use: Scroll            |    10 |       ||    10
Armor: Robe              |    14 |     1 ||    15
Dodge: Dodged            |    45 |    13 ||    58
